 Dungeon Crawl Stone Soup version 0.26.1-11-gd32895ea62 (webtiles) character file.

Game seed: 2604095195902611292

86 dtburroughs the Skirmisher (level 4, -9/41 HPs)
             Began as a Minotaur Berserker on June 7, 2021.
             Was a Believer of Trog.
             Mangled by a gnoll
             ... wielding a +0 halberd
              (11 damage)
             ... on level 2 of the Dungeon.
             The game lasted 00:01:50 (1164 turns).

dtburroughs the Skirmisher (Minotaur Berserker)     Turns: 1164, Time: 00:01:50

Health: -9/41      AC: 12    Str: 22    XL:     4   Next: 27%
Magic:  3/3        EV:  9    Int:  5    God:    Trog [**....]
Gold:   91         SH:  0    Dex:  9    Spells: 3/3 levels left

rFire    . . .     SeeInvis .   a - +0 hand axe
rCold    . . .     Faith    .   (no shield)
rNeg     . . .     Spirit   .   e - +0 chain mail
rPois    .         Reflect  .   (helmet restricted)
rElec    .         Harm     .   f - +0 cloak
rCorr    .         Rampage  .   i - +1 pair of gloves
Will     ++...                  (no boots)
Stlth    ..........             (no amulet)
HPRegen  1.13/turn              (no ring)
MPRegen  0.08/turn              (no ring)

@: regenerating
A: retaliatory headbutt, horns 2
a: Renounce Religion, Berserk, Trog's Hand


You were on level 2 of the Dungeon.
You worshipped Trog.
Trog was pleased with you.
You visited 1 branch of the dungeon, and saw 2 of its levels.

You collected 91 gold pieces.

Inventory:

Hand Weapons
 a - a +0 hand axe (weapon)
Armour
 e - a +0 chain mail (worn)
 f - a +0 cloak (worn)
 i - a +1 pair of gloves (worn)
Jewellery
 b - an uncursed ring of protection from fire {unknown}
 c - a cursed ring of teleportation {unknown}
 g - an uncursed ring of protection from cold {unknown}
 j - a +6 ring of strength {unknown}
Scrolls
 h - a scroll of blinking {unknown}
 k - a scroll of enchant weapon {unknown}
 l - a scroll of enchant armour {unknown}
 m - a scroll of random uselessness {unknown}
Potions
 d - a potion of curing {unknown}


   Skills:
 + Level 4.4 Fighting
 + Level 4.3 Axes
 + Level 3.4 Armour
 + Level 3.1 Dodging


You had 3 spell levels left.
You didn't know any spells.
Your spell library was empty.

Dungeon Overview and Level Annotations

Branches:
Dungeon (2/15)

Altars:
Vehumet


Innate Abilities, Weirdness & Mutations

You reflexively headbutt those who attack you in melee.
You have a pair of horns on your head.


Message History

You hit the gnoll but do no damage.
The gnoll is lightly wounded.
The gnoll hits you from afar with a +0 halberd!
The gnoll hits you but does no damage.
You hit the gnoll. Your headbutt misses the gnoll.
The gnoll is moderately wounded.
The gnoll hits you from afar with a +0 halberd!
* * * LOW HITPOINT WARNING * * *
The gnoll hits you with a +0 flail.
* * * LOW HITPOINT WARNING * * *
You hit the gnoll but do no damage.
The gnoll is moderately wounded.
The gnoll hits you from afar with a +0 halberd.
* * * LOW HITPOINT WARNING * * *
The gnoll hits you with a +0 flail.
* * * LOW HITPOINT WARNING * * *
You barely miss the gnoll.
The gnoll is moderately wounded.
The gnoll hits you from afar with a +0 halberd!
You die...

#.#.######.# #.#
#.######....#. ##.##
#.. ..# #...... #.#
#.. ..# #.##.#. #.#
##....# #.##.## #.#
#.#.## #.##.# #.#
..#.# #.##.# ##.# #
#..# #.##.# .#.#
#.##.###.#### #.##.#
(#.## ###
#....@gg..... ..##.#
..#.###.##
####.###............##
.###.....# #†#
####...°.$..
....###.## ##.#
#.....°... .#.## #.#
#..# #..☼.○..# ...#
#.# #.## #.....°§#
)#.# #.# #.# #...°..#
...# #.# #.# #...#
.### #.#### #.# #..#


You could see 2 gnolls.

Vanquished Creatures
  A hound (D:2)
  2 gnolls (D:2)
  An adder (D:2)
  A dart slug (D:1)
  A leopard gecko (D:1)
  5 goblins
  2 hobgoblins
  2 kobolds (D:2)
  A quokka (D:2)
  2 bats
  8 frilled lizards
  3 rats
29 creatures vanquished.

Notes
Turn   | Place    | Note
-------+----------+-------------------------------------------
     0 | D:1      | dtburroughs the Minotaur Berserker began the quest for the
                  | Orb.
     0 | D:1      | Reached XP level 1. HP: 19/19 MP: 0/0
   382 | D:1      | Reached XP level 2. HP: 27/27 MP: 1/1
   869 | D:2      | Reached XP level 3. HP: 32/33 MP: 2/2
   954 | D:2      | Reached ** piety under Trog
  1089 | D:2      | Found a radiant altar of Vehumet.
  1145 | D:2      | Reached XP level 4. HP: 23/41 MP: 3/3
  1163 | D:2      | HP: 1/41 [gnoll/+0 flail (2)]
  1164 | D:2      | Mangled by a gnoll

Illustrated notes

Levels and vault maps discovered:
D:1:      ncdulo_smallfort, layout_rooms
D:2:      layout_loops_ring, fiery_altar_vehumet

Skill      XL: |  1  2  3 |
---------------+----------+-----
Fighting       | 4 |  4.4
Axes           | 4 |  4.3
Armour         | 3 |  3.4
Dodging        | 3 |  3.1

Action                   |  1- 3 |  4- 6 || total
-------------------------+-------+-------++-------
Melee: Hand axe          |    59 |    19 ||    78
       Headbutt          |     6 |     1 ||     7
Invok: Trog's Hand       |       |     1 ||     1
Armor: Animal skin       |     1 |       ||     1
       Chain mail        |    36 |    11 ||    47
Dodge: Dodged            |    31 |     3 ||    34
